 Dungeon Crawl Stone Soup version 0.30.0-13-g156ef70053 (webtiles) character file.

Game seed: 5525350900700115836

53 dialectric the Trooper (level 3, 0/43 HPs)
             Began as a Demonspawn Cinder Acolyte on May 18, 2023.
             Was a High Priest of Ignis.
             Succumbed to an adder's poison
             ... on level 2 of the Dungeon.
             The game lasted 00:01:58 (1512 turns).

dialectric the Trooper (Demonspawn Cinder Acolyte)  Turns: 1512, Time: 00:01:59

Health: 0/43       AC:  2    Str: 16    XL:     3   Next: 62%
Magic:  4/4        EV: 11    Int: 15    God:    Ignis [*****.]
Gold:   184        SH:  0    Dex:  8    Spells: 1/4 levels left

rFire   + . .        i - +8 hand axe of the Bedazzled God {heavy, SInv Stlth+}
rCold   . . .        (no shield)
rNeg    . . .        b - +0 robe
rPois   +            (no helmet)
rElec   .            (no cloak)
rCorr   .            (no gloves)
SInv    +            (no boots)
Will    .....        (no amulet) Stlth
                     (no ring)
HPRegen 0.27/turn    (no ring)
MPRegen 0.09/turn

%: no passive effects
@: berserking, lethally poisoned (0 -> -5), very quick
A: sturdy frame 1, talons 1, poison resistance
a: Renounce Religion, Fiery Armour, Foxfire Swarm, Rising Flame


You were on level 2 of the Dungeon.
You worshipped Ignis.
Ignis was extremely pleased with you.
You visited 1 branch of the dungeon, and saw 2 of its levels.

You collected 184 gold pieces.

Inventory:

Hand Weapons
 a - a -1 falchion of flaming
 i - the +8 hand axe of the Bedazzled God (weapon) {heavy, SInv Stlth+}
   (You found it on level 2 of the Dungeon)

   SInv:      It lets you see invisible.
   Stlth:     It makes you more stealthy.
Missiles
 c - 5 poisoned darts (quivered)
Armour
 b - a +0 robe (worn)
Scrolls
 d - a scroll of identify {unknown}
 e - a scroll of amnesia {unknown}
 j - a scroll of blinking {unknown}
 k - a scroll of brand weapon {unknown}
Potions
 f - a potion of haste {unknown}


   Skills:
 - Level 3.3 Fighting
 - Level 3.2 Long Blades
 + Level 0.1 Throwing
 * Level 1.1 Dodging
 - Level 1.0 Spellcasting
 - Level 3.1 Fire Magic


You had one spell level left.
You knew the following spells:

 Your Spells              Type           Power      Damage    Failure   Level
a - Swiftness             Air            0%         N/A       58%         3

Your spell library contained the following spells:

 Spells                   Type           Power      Damage    Failure   Level
 Shock                    Conj/Air       0%         1d3       24%         1
 Scorch                   Fire           20%        2d6       11%         2
 Airstrike                Air            0%         2d(0-16)  94%         4


Dungeon Overview and Level Annotations

Branches:
Dungeon (2/15)

Altars:


Innate Abilities, Weirdness & Mutations

Your movements are slightly less encumbered by armour. (ER -2)
You have sharp toenails.
Your system is resistant to poisons. (rPois)


Message History

Unknown command.
You barely miss the adder.
The adder is severely wounded.
You slash the rat!
You kill the rat!
You feel sick. The adder bites you. The adder barely misses you.
The adder closely misses you. The rat closely misses you.
You slash the rat!
You kill the rat!
You closely miss the adder.
You feel sick. The adder bites you.
You are more poisoned.
The adder poisons you! The adder bites you.
You are more poisoned.
The adder poisons you!
You are too injured to fight recklessly!
You feel very sick. The adder closely misses you. The adder barely misses you.
Things that are here:
a fuming clear potion; a rat corpse You are too injured to fight recklessly!
Unknown command.
You feel sick. The adder bites you.
* * * LOW HITPOINT WARNING * * *
You are lethally poisoned!
The adder poisons you!
Unknown command.
You slash the adder!
You kill the adder!
* * * LOW HITPOINT WARNING * * *
You feel very sick.
Your Dodging skill increases to level 1!
Unknown command.
It was a potion of mutation.
You feel extremely strange.
You feel resistant to poisons.
Your toenails lengthen and sharpen.
* * * LOW HITPOINT WARNING * * *
You feel sick.
It was a potion of berserk rage.
A red film seems to cover your vision as you go berserk!
You feel yourself moving faster!
You feel mighty!
You die...

#.# #.# #.#
#.##########.#
#####.#...........
.............>##.#
......#.#####.##.###
....###.#####......#
....# #.†.....##.#
....# #####...†!@#.#
....# #...#[?..#
....# #.#.#.##.#
....# #.#.... .#
....# #.###### .
##### #.# ## #.#


There were no monsters in sight!

Vanquished Creatures
  An adder (D:2)
  3 dart slugs
  5 endoplasms (D:1)
  3 giant cockroaches
  4 goblins (D:1)
  4 hobgoblins
  A quokka (D:1)
  2 ball pythons (D:1)
  A bat (D:1)
  2 frilled lizards (D:1)
  5 kobolds
  7 rats
38 creatures vanquished.

Notes
Turn   | Place    | Note
-------+----------+-------------------------------------------
     0 | D:1      | dialectric the Demonspawn Cinder Acolyte began the quest
                  | for the Orb.
     0 | D:1      | Reached XP level 1. HP: 18/18 MP: 2/2
    85 | D:1      | Gained mutation: Your movements are slightly less
                  | encumbered by armour. (ER -2) [demonic ancestry]
    85 | D:1      | Reached XP level 2. HP: 12/24 MP: 3/3
   705 | D:1      | Reached XP level 3. HP: 20/29 MP: 4/4
  1033 | D:1      | Learned a level 3 spell: Swiftness
  1313 | D:2      | Identified the +8 hand axe of the Bedazzled God {heavy,
                  | SInv Stlth+}
  1511 | D:2      | Reached skill level 1 in Dodging
  1511 | D:2      | Gained mutation: Your system is resistant to poisons.
                  | (rPois) [potion of mutation]
  1511 | D:2      | Gained mutation: You have sharp toenails. [potion of
                  | mutation]
  1511 | D:2      | HP: 1/29 [poisoned by an adder]
  1512 | D:2      | Succumbed to an adder's poison

Illustrated notes

Levels and vault maps discovered:
D:1:      giann_horns, layout_basic, minmay_gold_behind_fungi
D:2:      layout_basic, minmay_domino_4

Skill      XL: |  1  2  3 |
---------------+----------+-----
Fire Magic     | 3 |  3.1
Long Blades    | 3 |  3.2
Dodging        | 1 |  1.1
Fighting       | |  3.3
Throwing       | |  0.1
Spellcasting   | |  1.0

Action                     || total
---------------------------++-------
  Melee: Falchion          ||   102
         Punch             ||     1
         Hand axe          ||     7
  Throw: Dart              ||     8
    Use: Potion            ||     2
   Stab: Sleeping          ||     2
 Armour: Robe              ||    24
  Dodge: Dodged            ||    85
